 Dungeon Crawl Stone Soup version 0.28-a0-1152-g9c71ebef14 (webtiles) character file.

Game seed: 2847473674840001374

2 spaghetti the Sneak (level 1, -1/18 HPs)
             Began as a Mummy Delver on Dec 14, 2021.
             Killed from afar by an orc wizard (12 damage)
             ... with a puff of flame
             ... on level 5 of the Dungeon.
             The game lasted 00:00:06 (56 turns).

spaghetti the Sneak (Mummy Delver)                    Turns: 56, Time: 00:00:07

Health: -1/18      AC:  3    Str: 15    XL:     1   Next: 25%
Magic:  1/1        EV: 11    Int:  9    God:
Gold:   0          SH:  0    Dex: 13    Spells: 0/0 levels left

rFire   x . .      SeeInvis .   a - +0 falchion {long}
rCold   + . .      Faith    .   (no shield)
rNeg    + + +      Spirit   .   b - +0 leather armour
rPois   ∞          Reflect  .   (no helmet)
rElec   .          Harm     .   (no cloak)
rCorr   .          Rampage  .   (no gloves)
Will    .....                   (no boots)
Stlth   ++........              (no amulet)
HPRegen 0.06/turn               (no ring)
MPRegen 0.07/turn               (no ring)

@: no status effects
A: cold resistance 1, negative energy resistance 3, torment resistance 2, heat
vulnerability 1, no potions
a: no special abilities


You were on level 5 of the Dungeon.
You visited 1 branch of the dungeon, and saw 1 of its levels.


Innate Abilities, Weirdness & Mutations

You are immune to poison.
Your flesh is cold resistant. (rC+)
You are immune to negative energy. (rN+++)
You are immune to unholy pain and torment.
You are vulnerable to heat. (rF-)
You do not drink.


   Skills:
 + Level 3.1 Fighting
 - Level 1.5 Long Blades
 - Level 1.5 Dodging
 - Level 4.1 Stealth


You couldn't memorise any spells.
You didn't know any spells.
Your spell library was empty.

Inventory:

Hand Weapons
 a - a +0 falchion (weapon) {long}
Armour
 b - a +0 leather armour (worn)
Wands
 f - a wand of digging (3)
Scrolls
 c - a scroll of fog
 d - a scroll of magic mapping {!r}
 e - a scroll of fear

Dungeon Overview and Level Annotations

Branches:
Dungeon (5/15)
 Temple: D:4-7

Altars:

##.#
##...###...#
#.
###....####..#
. #...##..#
##.#
......#..##.#
#.#
....####.####
##. #.#..###.#
.. # #....#
### ##...#
##o@#
......o##
......o
.......
.......
.......
......# ###..#


You could see an orc wizard and 2 orcs.


Message History

🤖 Initializing magus.rc ...
Options error: Delay interrupt name "hungry" not recognised. (~/.crawlrc:4771) ✅ Successfully initialized magus.rc [v1.9.6] Welcome, spaghetti the Mummy Delver.
The fabulous Orb of Zot lies far below, as if waiting for you to find it.
Press ? for a list of commands and other information.
Found a stone staircase leading down.
Found an escape hatch in the floor.
Key pressed, stopping explore.
No target in view!
An orc comes into view. It is wielding a +0 club.
An orc comes into view. It is wielding a +0 club.
An orc and an orc wizard come into view.
The orc is wielding a +1 falchion of freezing.
The orc shouts!
The orc wizard shouts!
The orc shouts!
You closely miss the orc.
The orc hits you with a +0 club. 😕 HP[-3]
You take 3 damage, and now have 15/18 hp.
You barely miss the orc. You hit the orc. The orc closely misses you.
You slash the orc!
You kill the orc!
The orc misses you.
You slash the orc wizard! The orc hits you but does no damage.
The orc wizard barely misses you.
You barely miss the orc wizard. The orc barely misses you.
The orc wizard hits you but does no damage.
The orc hits you but does no damage.
The orc wizard points at you and mumbles some strange words.
The magic dart hits you. 😮 HP[-4]
You take 4 damage, and now have 11/18 hp.
MASSIVE DAMAGE!! (PAUSE)
Okay, then.
You closely miss the orc wizard.
The orc wizard points at you and mumbles some strange words.
The puff of flame hits you! The fire burns you terribly!
Ouch! That really hurt!
You die...

Action                   || total
-------------------------++-------
Melee: Falchion          ||     7
Armor: Leather armour    ||     3
Dodge: Dodged            ||     4

Levels and vault maps discovered:
D:5:      layout_layer_cave

Notes
Turn   | Place    | Note
-------+----------+-------------------------------------------
     0 | D:5      | spaghetti the Mummy Delver began the quest for the Orb.
     0 | D:5      | Reached XP level 1. HP: 18/18 MP: 1/1
     0 | D:5      | magus.rc [v1.9.6]
    47 | D:5      | Noticed an orc wizard
    56 | D:5      | Killed from afar by an orc wizard

Vanquished Creatures
  An orc (D:5)
1 creature vanquished.

Table legend:
 A = Non-vault XP
 B = Vault XP
 C = Vault XP percentage of total XP
 D = Non-vault monster count
 E = Vault monster count
 F = Vault count percentage of total count
                 A         B        C        D         E       F
            +---------+---------+-------+---------+---------+-------
      Total |       3 |       0 |   0.0 |       1 |       0 |   0.0
            +---------+---------+-------+---------+---------+-------
        D:5 |       3 |       0 |   0.0 |       1 |       0 |   0.0
            +---------+---------+-------+---------+---------+-------

Illustrated notes

Table legend:
 A = Kills in this place as a percentage of kills in entire the game.
 B = Kills by you in this place as a percentage of kills by you in the entire game.
 C = Kills by friends in this place as a percentage of kills by friends in the entire game.
 D = Other kills in this place as a percentage of other kills in the entire game.
 E = Experience gained in this place as a percentage of experience gained in the entire game.
 F = Experience gained in this place divided by the number of levels of this place that you have seen.
                   A       B       C       D       E      F
               +-------+-------+-------+-------+-------+----------------------
         Total | 100.0 | 100.0 |   N/A |   N/A | 100.0 |   3.0
       Dungeon | 100.0 | 100.0 |   N/A |   N/A | 100.0 |   3.0
               +-------+-------+-------+-------+-------+----------------------

Table legend: (Time is in decaauts)
 A = Elapsed time spent in this place.
 B = Non-inter-level travel time spent in this place.
 C = Inter-level travel time spent in this place.
 D = Time resting spent in this place.
 E = Time spent auto-exploring this place.
 F = Levels seen in this place.
 G = Mean time per level.
                   A        B        C        D        E       F      G
               +--------+--------+--------+--------+--------+-----+--------+
         Total |     57 |     57 |      0 |      0 |     43 |   1 |   57.0 |
       Dungeon |     57 |     57 |      0 |      0 |     43 |   1 |   57.0 |
               +--------+--------+--------+--------+--------+-----+--------+

Top non-repeatable levels by time:
     D:5: 57 daAuts
